Tampa Bay Lightning vs New York Rangers
Created - Friday, October 27, 2023 at 07:21
Goals
|
| Tampa Bay Lightning |
0 |
0 |
2 |
2 |
| New York Rangers |
1 |
1 |
1 |
3 |
|
Shots
|
| Tampa Bay Lightning |
12 |
14 |
12 |
38 |
| New York Rangers |
12 |
10 |
11 |
33 |
|
1st period
1. New York Rangers , Mathew Barzal 20 (Artemi Panarin 27, Nathan MacKinnon 29) at 10:07
Penalties :
Cole Caufield (NYR) for Hooking (Minor) at 4:07, Hampus Lindholm (TBL) for High sticking (Minor) at 17:41
2nd period
2. New York Rangers , David Kampf 10 (Conor Garland 18, Adam Larsson 18) at 1:12
Penalties :
Adam Larsson (NYR) for Cross-checking (Minor) at 6:20, Michael Matheson (TBL) for Slashing (Minor) at 8:47, Artemi Panarin (NYR) for Holding (Minor) at 16:06
3rd period
3. New York Rangers , Pierre-Luc Dubois 18 (Cole Caufield 19, Mathew Barzal 24) at 7:51
4. Tampa Bay Lightning , Roope Hintz 21 (Dylan Cozens 30, Hampus Lindholm 18) at 9:42
5. Tampa Bay Lightning , Roope Hintz 22 (Moritz Seider 10, Kirill Kaprizov 25) at 14:04 (PP)
Penalties :
Mark Giordano (NYR) for Holding (Minor) at 11:24, Mark Giordano (NYR) for Tripping (Minor) at 13:48
Goalie Stats
Darcy Kuemper (TBL), 30 saves from 33 shots - (0.909), L, 4-3-2, 59:20 minutes
Igor Shesterkin (NYR), 36 saves from 38 shots - (0.947), W, 25-3-4, 60:00 minutes
Players Stats for Tampa Bay Lightning
Player Name G A P +/- PIM S H SB GA TA FO MP PP MP PK MP
------------------------------------------------------------------------------------
Alexander Kerfoot 0 0 0 0 0 2 0 0 0 0 0/0 10:20 0:00 2:00
Anze Kopitar 0 0 0 0 0 4 0 0 0 1 11/20 16:36 0:00 2:08
Christian Dvorak 0 0 0 0 0 3 0 0 3 0 3/4 10:27 0:00 1:41
Darnell Nurse 0 0 0 1 0 2 2 2 0 1 0/0 25:23 4:24 2:05
Dylan Cozens 0 1 1 -1 0 1 2 0 0 0 7/15 15:50 4:04 0:00
Gustav Nyquist 0 0 0 0 0 4 0 0 0 0 0/0 10:27 0:00 1:41
Hampus Lindholm 0 1 1 1 2 1 1 3 1 2 0/0 24:14 4:24 0:00
Ivan Barbashev 0 0 0 -1 0 1 0 0 1 0 1/1 11:45 0:00 0:00
Johnny Gaudreau 0 0 0 0 0 2 0 0 2 2 0/0 17:25 4:04 0:00
Kirill Kaprizov 0 1 1 -1 0 2 2 0 2 0 0/2 18:15 4:08 0:09
Michael Matheson 0 0 0 -1 2 1 0 1 0 0 0/0 16:06 3:48 0:00
Moritz Seider 0 1 1 -2 0 3 1 0 0 0 0/0 22:53 3:48 1:53
Roope Hintz 2 0 2 -1 0 6 3 1 2 0 1/3 15:57 4:08 0:00
Ryan Graves 0 0 0 -1 0 0 0 0 0 0 0/0 13:11 0:00 1:53
Tomas Hertl 0 0 0 -1 0 2 1 1 1 0 12/14 12:46 0:00 0:00
Travis Konecny 0 0 0 -1 0 1 4 0 0 2 2/2 18:23 4:08 0:17
Tyler Toffoli 0 0 0 0 0 2 0 0 0 0 0/1 17:25 4:04 0:00
Vladislav Gavrikov 0 0 0 -2 0 1 2 0 1 1 0/0 18:36 0:00 2:05
Players Stats for New York Rangers
Player Name G A P +/- PIM S H SB GA TA FO MP PP MP PK MP
------------------------------------------------------------------------------------
Adam Larsson 0 1 1 1 2 1 1 0 1 0 0/0 22:45 2:19 2:58
Andre Burakovsky 0 0 0 0 0 1 1 0 0 0 0/1 12:41 1:39 0:00
Artemi Panarin 0 1 1 1 2 3 0 1 0 0 0/2 17:48 2:02 0:00
Cam Fowler 0 0 0 1 0 1 0 0 1 1 0/0 17:51 0:00 0:38
Cole Caufield 0 1 1 0 2 1 0 0 0 0 0/2 12:40 0:00 0:00
Conor Garland 0 1 1 1 0 2 0 1 1 0 1/1 11:32 0:00 4:03
David Kampf 1 0 1 1 0 1 0 0 0 1 4/6 14:06 1:56 3:53
Dmitry Kulikov 0 0 0 0 0 1 0 0 0 1 0/0 18:10 0:00 3:59
Filip Chytil 0 0 0 0 0 0 0 0 0 0 3/6 10:56 0:00 0:00
Gabriel Landeskog 0 0 0 0 0 2 4 0 0 0 0/0 12:37 1:56 0:00
Jake McCabe 0 0 0 1 0 0 1 0 0 0 0/0 17:47 0:00 1:56
Mark Giordano 0 0 0 0 4 0 1 1 0 3 0/0 19:14 1:39 2:54
Mathew Barzal 1 1 2 1 0 3 1 1 1 1 0/3 18:40 2:19 0:21
Matthew Benning 0 0 0 1 0 0 3 1 0 2 0/0 19:54 0:00 3:59
Mikael Granlund 0 0 0 0 0 4 3 0 1 1 2/4 19:40 1:56 3:58
Nathan MacKinnon 0 1 1 1 0 5 5 1 2 2 6/20 17:45 2:02 0:00
Pierre-Luc Dubois 1 0 1 0 0 6 1 0 1 0 9/16 15:02 2:02 0:17
Tyler Motte 0 0 0 1 0 2 2 0 1 1 0/1 12:35 0:00 3:52
3 Stars
1 - Roope Hintz (TBL)
2 - Mathew Barzal (NYR)
3 - Igor Shesterkin (NYR)
Power Play
Tampa Bay Lightning - 1 on 4 Attempt(s) - 25.00%
New York Rangers - 0 on 3 Attempt(s) - 0.00%
Penalty Kill
Tampa Bay Lightning - 3 on 3 Attempt(s) - 100.00%
- Score 0 goal in Penalty Kill
New York Rangers - 3 on 4 Attempt(s) - 75.00%
- Score 0 goal in Penalty Kill
Team Stat
Tampa Bay Lightning - Hits : 18 - Faceoff Wins : 37 - Blocked Shots : 8 - Penalty Minutes : 4
New York Rangers - Hits : 23 - Faceoff Wins : 25 - Blocked Shots : 6 - Penalty Minutes : 10
Official
Referees : Eric Furlatt and Garrett Rank
Linesman : Ryan Gibbons and Brian Murphy
Game Notes
16:40 of 1st period - Penalty Shot by Ryan Graves for Tampa Bay Lightning - Stopped by Igor Shesterkin
Finance
Level 1 -- Attendance: 4559 (75.98%) -- Ticket Income $465,018
Level 2 -- Attendance: 3627 (72.54%) -- Ticket Income $228,501
Level 3 -- Attendance: 1950 (65.00%) -- Ticket Income $79,950
Level 4 -- Attendance: 3807 (76.14%) -- Ticket Income $106,596
Luxury Box -- Attendance: 977 (97.70%) -- Ticket Income $190,515
Game was played at the Madison Square Garden.
Total Attendance: 14920 (74.60%)
Total Ticket Income: $1,070,580
Other Income: $374,703
Total Income: $1,445,283
Tampa Bay Lightning
5 vs 5 Forward
Center Left Wing Right Wing Time % Phy DF OF
1 Tomas Hertl Kirill Kaprizov Travis Konecny 30 1 2 2
2 Dylan Cozens Roope Hintz Ivan Barbashev 30 1 2 2
3 Anze Kopitar Johnny Gaudreau Tyler Toffoli 30 1 2 2
4 Christian Dvorak Alexander Kerfoot Gustav Nyquist 10 1 2 2
5 vs 5 Defense
Defense Defense Time % Phy DF OF
1 Darnell Nurse Hampus Lindholm 40 1 2 2
2 Moritz Seider Vladislav Gavrikov 35 1 2 2
3 Michael Matheson Ryan Graves 25 0 3 2
4 Darnell Nurse Moritz Seider 0 1 2 2
PowerPlay Forward
Center Left Wing Right Wing Time % Phy DF OF
1 Roope Hintz Kirill Kaprizov Travis Konecny 50 1 2 2
2 Dylan Cozens Johnny Gaudreau Tyler Toffoli 50 1 2 2
PowerPlay Defense
Defense Defense Time % Phy DF OF
1 Michael Matheson Moritz Seider 50 1 2 2
2 Hampus Lindholm Darnell Nurse 50 1 2 2
Penalty Kill 4 Players Forward
Center Wing Time % Phy DF OF
1 Anze Kopitar Alexander Kerfoot 50 1 2 2
2 Christian Dvorak Gustav Nyquist 50 1 2 2
Penalty Kill 4 Players Defense
Defense Defense Time % Phy DF OF
1 Darnell Nurse Vladislav Gavrikov 50 1 2 2
2 Moritz Seider Ryan Graves 50 1 2 2
Penalty Kill - 3 Players Forward
Forward Time % Phy DF OF
1 Anze Kopitar 50 1 2 2
2 Christian Dvorak 50 1 2 2
Penalty Kill - 3 Players Defense
Defense Defense Time % Phy DF OF
1 Darnell Nurse Vladislav Gavrikov 50 1 2 2
2 Moritz Seider Ryan Graves 50 1 2 2
4 vs 4 Forward
Center Wing Time % Phy DF OF
1 Tomas Hertl Kirill Kaprizov 50 1 2 2
2 Anze Kopitar Travis Konecny 50 1 2 2
4 vs 4 Defense
Defense Defense Time % Phy DF OF
1 Michael Matheson Vladislav Gavrikov 50 1 2 2
2 Hampus Lindholm Ryan Graves 50 1 2 2
Last Minutes Offensive
Center Left Wing Right Wing Defense Defense
Anze Kopitar Kirill Kaprizov Travis Konecny Darnell Nurse Moritz Seider
Last Minutes Defensive
Center Left Wing Right Wing Defense Defense
Anze Kopitar Christian Dvorak Alexander Kerfoot Darnell Nurse Moritz Seider
Goaltenders
Starting : Darcy Kuemper
Backup : Jeremy Swayman
Extra Forwards
Normal : Tomas Hertl, Anze Kopitar, Dylan Cozens - PP : Tomas Hertl, Anze Kopitar - PK : Travis Konecny
Extra Defensemen
Normal : Vladislav Gavrikov, Ryan Graves, Hampus Lindholm - PP : Vladislav Gavrikov - PK : Ryan Graves, Hampus Lindholm
Penalty Shots
Gustav Nyquist, Kirill Kaprizov, Alexander Kerfoot, Anze Kopitar, Roope Hintz
New York Rangers
5 vs 5 Forward
Center Left Wing Right Wing Time % Phy DF OF
1 Nathan MacKinnon Artemi Panarin Mathew Barzal 35 0 1 4
2 Pierre-Luc Dubois Cole Caufield Mikael Granlund 30 1 1 3
3 Filip Chytil Andre Burakovsky Gabriel Landeskog 23 1 2 2
4 David Kampf Conor Garland Tyler Motte 12 1 3 1
5 vs 5 Defense
Defense Defense Time % Phy DF OF
1 Cam Fowler Adam Larsson 35 1 2 2
2 Dmitry Kulikov Mark Giordano 33 1 2 2
3 Matthew Benning Jake McCabe 32 1 2 2
4 Cam Fowler Adam Larsson 0 1 2 2
PowerPlay Forward
Center Left Wing Right Wing Time % Phy DF OF
1 Pierre-Luc Dubois Nathan MacKinnon Artemi Panarin 50 0 1 4
2 Mikael Granlund Gabriel Landeskog David Kampf 50 0 1 4
PowerPlay Defense
Defense Defense Time % Phy DF OF
1 Mathew Barzal Adam Larsson 60 1 1 3
2 Andre Burakovsky Mark Giordano 40 1 1 3
Penalty Kill 4 Players Forward
Center Wing Time % Phy DF OF
1 David Kampf Tyler Motte 50 1 3 1
2 Mikael Granlund Conor Garland 50 1 3 1
Penalty Kill 4 Players Defense
Defense Defense Time % Phy DF OF
1 Matthew Benning Dmitry Kulikov 50 1 3 1
2 Adam Larsson Mark Giordano 50 1 3 1
Penalty Kill - 3 Players Forward
Forward Time % Phy DF OF
1 Mikael Granlund 50 1 2 2
2 David Kampf 50 1 2 2
Penalty Kill - 3 Players Defense
Defense Defense Time % Phy DF OF
1 Matthew Benning Dmitry Kulikov 50 1 3 1
2 Adam Larsson Mark Giordano 50 1 3 1
4 vs 4 Forward
Center Wing Time % Phy DF OF
1 Nathan MacKinnon Artemi Panarin 50 0 2 3
2 Pierre-Luc Dubois Mathew Barzal 50 0 2 3
4 vs 4 Defense
Defense Defense Time % Phy DF OF
1 Cam Fowler Adam Larsson 50 1 2 2
2 Dmitry Kulikov Mark Giordano 50 1 2 2
Last Minutes Offensive
Center Left Wing Right Wing Defense Defense
Nathan MacKinnon Artemi Panarin Pierre-Luc Dubois Cam Fowler Adam Larsson
Last Minutes Defensive
Center Left Wing Right Wing Defense Defense
David Kampf Tyler Motte Mikael Granlund Dmitry Kulikov Adam Larsson
Goaltenders
Starting : Igor Shesterkin
Backup : Tristan Jarry
Extra Forwards
Normal : Nathan MacKinnon, Pierre-Luc Dubois, Gabriel Landeskog - PP : Gabriel Landeskog, Nathan MacKinnon - PK : David Kampf
Extra Defensemen
Normal : Matthew Benning, Jake McCabe, Dmitry Kulikov - PP : Matthew Benning - PK : Jake McCabe, Dmitry Kulikov
Penalty Shots
Artemi Panarin, Mikael Granlund, Pierre-Luc Dubois, Mark Giordano, Nathan MacKinnon
% Time on Ice - Tampa Bay Lightning
Lines # - Real PCT - Wanted PCT - Time Play
Normal Forward
1 - 27% - 30% - 12:50
2 - 26% - 30% - 12:12
3 - 29% - 30% - 13:20
4 - 18% - 10% - 8:20
Normal Defense
1 - 43% - 40% - 19:59
2 - 34% - 35% - 15:44
3 - 24% - 25% - 10:59
4 - 0% - 0% - 0:00
PP Forward
1 - 50% - 50% - 4:08
2 - 50% - 50% - 4:04
PP Defense
1 - 46% - 50% - 3:48
2 - 54% - 50% - 4:24
PK Forward
1 - 54% - 50% - 2:08
2 - 46% - 50% - 1:50
PK Defense
1 - 53% - 50% - 2:05
2 - 47% - 50% - 1:53
PK3 Forward
1 - 0% - 50%
2 - 0% - 50%
PK3 Defense
1 - 0% - 50%
2 - 0% - 50%
44 Forward
1 - 0% - 50%
2 - 0% - 50%
44 Defense
1 - 0% - 50%
2 - 0% - 50%
Last Minute Offensive - 1:08
Last Minute Defensive - 0:00
Total
Forward - 60:00
Defense - 60:00
|
% Time on Ice - New York Rangers
Lines # - Real PCT - Wanted PCT - Time Play
Normal Forward
1 - 34% - 35% - 15:52
2 - 27% - 30% - 12:47
3 - 23% - 23% - 10:37
4 - 16% - 12% - 7:29
Normal Defense
1 - 36% - 35% - 16:54
2 - 32% - 33% - 15:05
3 - 32% - 32% - 14:46
4 - 0% - 0% - 0:00
PP Forward
1 - 51% - 50% - 2:02
2 - 49% - 50% - 1:56
PP Defense
1 - 58% - 60% - 2:19
2 - 42% - 40% - 1:39
PK Forward
1 - 49% - 50% - 4:00
2 - 51% - 50% - 4:12
PK Defense
1 - 47% - 50% - 3:53
2 - 53% - 50% - 4:19
PK3 Forward
1 - 0% - 50%
2 - 0% - 50%
PK3 Defense
1 - 0% - 50%
2 - 0% - 50%
44 Forward
1 - 0% - 50%
2 - 0% - 50%
44 Defense
1 - 0% - 50%
2 - 0% - 50%
Last Minute Offensive - 0:00
Last Minute Defensive - 1:05
Total
Forward - 60:00
Defense - 60:00
|
Play-by-Play
1st period
0:01 of 1st period - Tomas Hertl wins face-off versus Mathew Barzal in neutral zone.
0:10 of 1st period - Snap shot by Tomas Hertl.
0:10 of 1st period - Shot Blocked by Nathan MacKinnon.
1:10 of 1st period - Wrist shot by Christian Dvorak.
1:10 of 1st period - Stopped by Igor Shesterkin with a rebound.
1:12 of 1st period - Slapshot by Michael Matheson.
1:12 of 1st period - Stopped by Igor Shesterkin with a rebound.
1:14 of 1st period - Wrist shot by Alexander Kerfoot.
1:14 of 1st period - Stopped by Igor Shesterkin with a rebound.
1:16 of 1st period - Snap shot by Gustav Nyquist.
1:16 of 1st period - Stopped by Igor Shesterkin with a rebound.
1:54 of 1st period - Slapshot by Andre Burakovsky.
1:54 of 1st period - Stopped by Darcy Kuemper without a rebound.
1:55 of 1st period - Nathan MacKinnon wins face-off versus Anze Kopitar in Tampa Bay Lightning zone.
2:10 of 1st period - Snap shot by Nathan MacKinnon.
2:10 of 1st period - Stopped by Darcy Kuemper with a rebound.
2:33 of 1st period - Snap shot by Travis Konecny.
2:33 of 1st period - Shot Misses the Net.
2:53 of 1st period - Backhand shot by Christian Dvorak.
2:53 of 1st period - Stopped by Igor Shesterkin with a rebound.
3:47 of 1st period - Snap shot by Travis Konecny.
3:47 of 1st period - Stopped by Igor Shesterkin without a rebound.
3:48 of 1st period - Pierre-Luc Dubois wins face-off versus Kirill Kaprizov in New York Rangers zone.
3:48 of 1st period - Pierre-Luc Dubois is hit by Tomas Hertl.
4:07 of 1st period - Minor Penalty to Cole Caufield for Hooking.
4:08 of 1st period - Roope Hintz wins face-off versus David Kampf in New York Rangers zone.
4:12 of 1st period - Slapshot by Kirill Kaprizov.
4:12 of 1st period - Stopped by Igor Shesterkin without a rebound.
4:13 of 1st period - David Kampf wins face-off versus Roope Hintz in New York Rangers zone.
6:07 of 1st period - Penalty to Cole Caufield is over, Cole Caufield is back on ice.
6:30 of 1st period - Hampus Lindholm is hit by Jake McCabe and loses puck.
6:41 of 1st period - Darnell Nurse is hit by Gabriel Landeskog and loses puck.
7:04 of 1st period - Icing by Moritz Seider.
7:05 of 1st period - Filip Chytil wins face-off versus Dylan Cozens in Tampa Bay Lightning zone.
7:35 of 1st period - Slapshot by Gustav Nyquist.
7:35 of 1st period - Stopped by Igor Shesterkin with a rebound.
8:07 of 1st period - Wrist shot by Gabriel Landeskog.
8:07 of 1st period - Stopped by Darcy Kuemper without a rebound.
8:08 of 1st period - Filip Chytil wins face-off versus Dylan Cozens in Tampa Bay Lightning zone.
8:13 of 1st period - Wrist shot by Gabriel Landeskog.
8:13 of 1st period - Shot Misses the Net.
8:19 of 1st period - Jake McCabe is hit by Roope Hintz and loses puck.
9:04 of 1st period - Wrist shot by Johnny Gaudreau.
9:04 of 1st period - Stopped by Igor Shesterkin with a rebound.
9:20 of 1st period - Dylan Cozens is hit by Tyler Motte and loses puck.
9:25 of 1st period - Slapshot by Tyler Motte.
9:25 of 1st period - Shot Misses the Net.
9:51 of 1st period - Snap shot by Christian Dvorak.
9:51 of 1st period - Deflect By Alexander Kerfoot.
9:51 of 1st period - Stopped by Igor Shesterkin without a rebound.
9:52 of 1st period - Tomas Hertl wins face-off versus Nathan MacKinnon in New York Rangers zone.
10:05 of 1st period - Snap shot by Artemi Panarin.
10:05 of 1st period - Stopped by Darcy Kuemper with a rebound.
10:07 of 1st period - Snap shot by Mathew Barzal.
10:07 of 1st period - Goal by Mathew Barzal - Tampa Bay Lightning : 0 - New York Rangers : 1.
10:08 of 1st period - Anze Kopitar wins face-off versus Nathan MacKinnon in neutral zone.
10:21 of 1st period - Slapshot by Anze Kopitar.
10:21 of 1st period - Shot Misses the Net.
10:23 of 1st period - Snap shot by Johnny Gaudreau.
10:23 of 1st period - Shot Misses the Net.
10:41 of 1st period - Wrist shot by Pierre-Luc Dubois.
10:41 of 1st period - Shot Misses the Net.
10:43 of 1st period - Slapshot by Cole Caufield.
10:43 of 1st period - Stopped by Darcy Kuemper with a rebound.
10:45 of 1st period - Slapshot by Cam Fowler.
10:45 of 1st period - Shot Blocked by Roope Hintz.
10:47 of 1st period - Slapshot by Cam Fowler.
10:47 of 1st period - Shot Blocked by Hampus Lindholm.
11:40 of 1st period - Snap shot by Mathew Barzal.
11:40 of 1st period - Stopped by Darcy Kuemper with a rebound.
11:42 of 1st period - Snap shot by Nathan MacKinnon.
11:42 of 1st period - Stopped by Darcy Kuemper without a rebound.
11:43 of 1st period - Anze Kopitar wins face-off versus Artemi Panarin in Tampa Bay Lightning zone.
12:06 of 1st period - Wrist shot by Anze Kopitar.
12:06 of 1st period - Stopped by Igor Shesterkin with a rebound.
12:08 of 1st period - Slapshot by Ryan Graves.
12:08 of 1st period - Shot Misses the Net.
12:26 of 1st period - Snap shot by Tyler Toffoli.
12:26 of 1st period - Stopped by Igor Shesterkin with a rebound.
12:35 of 1st period - Off-side.
12:36 of 1st period - Pierre-Luc Dubois wins face-off versus Tomas Hertl in neutral zone.
13:50 of 1st period - Matthew Benning is hit by Roope Hintz and loses puck.
14:19 of 1st period - Slapshot by Mikael Granlund.
14:19 of 1st period - Stopped by Darcy Kuemper with a rebound.
14:54 of 1st period - Snap shot by Artemi Panarin.
14:54 of 1st period - Deflect By Roope Hintz.
14:54 of 1st period - Shot Misses the Net.
14:54 of 1st period - Puck is out of play.
14:55 of 1st period - Nathan MacKinnon wins face-off versus Dylan Cozens in Tampa Bay Lightning zone.
15:08 of 1st period - Wrist shot by Nathan MacKinnon.
15:08 of 1st period - Deflect By Artemi Panarin.
15:08 of 1st period - Shot Misses the Net.
15:08 of 1st period - Puck is out of play.
15:09 of 1st period - Tomas Hertl wins face-off versus Cole Caufield in Tampa Bay Lightning zone.
15:26 of 1st period - Slapshot by Kirill Kaprizov.
15:26 of 1st period - Shot Misses the Net.
16:04 of 1st period - Wrist shot by Tyler Toffoli.
16:04 of 1st period - Shot Misses the Net.
16:40 of 1st period - Penalty Shot by Ryan Graves for Tampa Bay Lightning.
16:40 of 1st period - Wrist shot by Ryan Graves.
16:40 of 1st period - Stopped by Igor Shesterkin.
16:41 of 1st period - Pierre-Luc Dubois wins face-off versus Dylan Cozens in Tampa Bay Lightning zone.
16:42 of 1st period - Snap shot by Mikael Granlund.
16:42 of 1st period - Stopped by Darcy Kuemper without a rebound.
16:43 of 1st period - Dylan Cozens wins face-off versus Pierre-Luc Dubois in Tampa Bay Lightning zone.
16:54 of 1st period - Snap shot by Pierre-Luc Dubois.
16:54 of 1st period - Shot Misses the Net.
16:56 of 1st period - Slapshot by Mikael Granlund.
16:56 of 1st period - Stopped by Darcy Kuemper without a rebound.
16:57 of 1st period - Anze Kopitar wins face-off versus Nathan MacKinnon in Tampa Bay Lightning zone.
17:24 of 1st period - Cole Caufield is hit by Travis Konecny and loses puck.
17:31 of 1st period - Snap shot by Pierre-Luc Dubois.
17:31 of 1st period - Shot Blocked by Darnell Nurse.
17:33 of 1st period - Snap shot by Pierre-Luc Dubois.
17:33 of 1st period - Stopped by Darcy Kuemper with a rebound.
17:41 of 1st period - Minor Penalty to Hampus Lindholm for High sticking.
17:42 of 1st period - Pierre-Luc Dubois wins face-off versus Anze Kopitar in Tampa Bay Lightning zone.
17:45 of 1st period - Snap shot by Pierre-Luc Dubois.
17:45 of 1st period - Deflect By Nathan MacKinnon.
17:45 of 1st period - Deflect By Anze Kopitar.
17:45 of 1st period - Shot Misses the Net.
17:45 of 1st period - Puck is out of play.
17:46 of 1st period - Pierre-Luc Dubois wins face-off versus Anze Kopitar in Tampa Bay Lightning zone.
18:13 of 1st period - Ryan Graves is hit by Mikael Granlund.
18:47 of 1st period - Christian Dvorak is hit by Gabriel Landeskog.
19:41 of 1st period - Penalty to Hampus Lindholm is over, Hampus Lindholm is back on ice.
19:51 of 1st period - Gustav Nyquist is hit by Tyler Motte and loses puck.
Goals for this period are 0 for Tampa Bay Lightning vs 1 for New York Rangers.
Shots for this period are 12 for Tampa Bay Lightning vs 12 for New York Rangers.
2nd period
0:01 of 2nd period - Nathan MacKinnon wins face-off versus Anze Kopitar in neutral zone.
0:17 of 2nd period - Wrist shot by Artemi Panarin.
0:17 of 2nd period - Stopped by Darcy Kuemper without a rebound.
0:18 of 2nd period - Tomas Hertl wins face-off versus Pierre-Luc Dubois in Tampa Bay Lightning zone.
0:25 of 2nd period - Snap shot by Tomas Hertl.
0:25 of 2nd period - Stopped by Igor Shesterkin with a rebound.
1:12 of 2nd period - Wrist shot by David Kampf.
1:12 of 2nd period - Goal by David Kampf - Tampa Bay Lightning : 0 - New York Rangers : 2.
1:13 of 2nd period - Anze Kopitar wins face-off versus Nathan MacKinnon in neutral zone.
1:22 of 2nd period - Wrist shot by Mathew Barzal.
1:22 of 2nd period - Deflect By Nathan MacKinnon.
1:22 of 2nd period - Stopped by Darcy Kuemper without a rebound.
1:23 of 2nd period - Nathan MacKinnon wins face-off versus Anze Kopitar in Tampa Bay Lightning zone.
1:28 of 2nd period - Slapshot by Mathew Barzal.
1:28 of 2nd period - Shot Hit the Post.
2:01 of 2nd period - Slapshot by Nathan MacKinnon.
2:01 of 2nd period - Stopped by Darcy Kuemper with a rebound.
2:13 of 2nd period - Snap shot by Anze Kopitar.
2:13 of 2nd period - Deflect By Artemi Panarin.
2:13 of 2nd period - Stopped by Igor Shesterkin without a rebound.
2:14 of 2nd period - Tomas Hertl wins face-off versus Pierre-Luc Dubois in New York Rangers zone.
2:48 of 2nd period - Gabriel Landeskog is hit by Dylan Cozens and loses puck.
3:23 of 2nd period - Off-side.
3:24 of 2nd period - Tomas Hertl wins face-off versus Cole Caufield in neutral zone.
3:33 of 2nd period - Backhand shot by Kirill Kaprizov.
3:33 of 2nd period - Stopped by Igor Shesterkin with a rebound.
3:35 of 2nd period - Slapshot by Darnell Nurse.
3:35 of 2nd period - Shot Misses the Net.
3:37 of 2nd period - Slapshot by Darnell Nurse.
3:37 of 2nd period - Shot Misses the Net.
4:05 of 2nd period - Hampus Lindholm is hit by Matthew Benning and loses puck.
4:29 of 2nd period - Snap shot by Pierre-Luc Dubois.
4:29 of 2nd period - Deflect By Cole Caufield.
4:29 of 2nd period - Shot Blocked by Tomas Hertl.
4:29 of 2nd period - Puck is out of play.
4:30 of 2nd period - Dylan Cozens wins face-off versus Nathan MacKinnon in Tampa Bay Lightning zone.
4:55 of 2nd period - Moritz Seider is hit by Gabriel Landeskog and loses puck.
6:07 of 2nd period - Slapshot by Christian Dvorak.
6:07 of 2nd period - Stopped by Igor Shesterkin without a rebound.
6:08 of 2nd period - Christian Dvorak wins face-off versus Tyler Motte in New York Rangers zone.
6:20 of 2nd period - Minor Penalty to Adam Larsson for Cross-checking.
6:21 of 2nd period - Conor Garland wins face-off versus Dylan Cozens in New York Rangers zone.
6:47 of 2nd period - David Kampf is hit by Kirill Kaprizov and loses puck.
7:50 of 2nd period - Conor Garland is hit by Kirill Kaprizov and loses puck.
8:20 of 2nd period - Penalty to Adam Larsson is over, Adam Larsson is back on ice.
8:47 of 2nd period - Minor Penalty to Michael Matheson for Slashing.
8:48 of 2nd period - Mikael Granlund wins face-off versus Christian Dvorak in Tampa Bay Lightning zone.
8:49 of 2nd period - Wrist shot by Gabriel Landeskog.
8:49 of 2nd period - Shot Blocked by Darnell Nurse.
9:13 of 2nd period - Vladislav Gavrikov is hit by Nathan MacKinnon and loses puck.
10:29 of 2nd period - Darnell Nurse is hit by Mikael Granlund and loses puck.
10:40 of 2nd period - Pierre-Luc Dubois is hit by Vladislav Gavrikov and loses puck.
10:47 of 2nd period - Penalty to Michael Matheson is over, Michael Matheson is back on ice.
10:59 of 2nd period - Backhand shot by Darnell Nurse.
10:59 of 2nd period - Stopped by Igor Shesterkin without a rebound.
11:00 of 2nd period - Dylan Cozens wins face-off versus Mathew Barzal in New York Rangers zone.
11:01 of 2nd period - Slapshot by Roope Hintz.
11:01 of 2nd period - Stopped by Igor Shesterkin without a rebound.
11:02 of 2nd period - David Kampf wins face-off versus Dylan Cozens in New York Rangers zone.
11:08 of 2nd period - Off-side.
11:09 of 2nd period - David Kampf wins face-off versus Anze Kopitar in neutral zone.
11:21 of 2nd period - Slapshot by Tyler Motte.
11:21 of 2nd period - Stopped by Darcy Kuemper with a rebound.
11:23 of 2nd period - Slapshot by Matthew Benning.
11:23 of 2nd period - Shot Blocked by Hampus Lindholm.
11:39 of 2nd period - Wrist shot by Conor Garland.
11:39 of 2nd period - Shot Blocked by Hampus Lindholm.
11:41 of 2nd period - Wrist shot by Conor Garland.
11:41 of 2nd period - Stopped by Darcy Kuemper with a rebound.
11:43 of 2nd period - Slapshot by Tyler Motte.
11:43 of 2nd period - Deflect By Conor Garland.
11:43 of 2nd period - Shot Misses the Net.
11:43 of 2nd period - Puck is out of play.
11:44 of 2nd period - Tomas Hertl wins face-off versus Artemi Panarin in Tampa Bay Lightning zone.
11:53 of 2nd period - Tomas Hertl is hit by Nathan MacKinnon and loses puck.
12:35 of 2nd period - Johnny Gaudreau is hit by Gabriel Landeskog.
12:41 of 2nd period - Wrist shot by Anze Kopitar.
12:41 of 2nd period - Stopped by Igor Shesterkin with a rebound.
13:33 of 2nd period - Wrist shot by Conor Garland.
13:33 of 2nd period - Stopped by Darcy Kuemper with a rebound.
14:21 of 2nd period - Icing by Tyler Toffoli.
14:22 of 2nd period - Tomas Hertl wins face-off versus Nathan MacKinnon in Tampa Bay Lightning zone.
14:31 of 2nd period - Jake McCabe is hit by Travis Konecny and loses puck.
14:38 of 2nd period - Snap shot by Tomas Hertl.
14:38 of 2nd period - Shot Hit the Post.
14:45 of 2nd period - Icing by Jake McCabe.
14:46 of 2nd period - Ivan Barbashev wins face-off versus Nathan MacKinnon in New York Rangers zone.
15:13 of 2nd period - Snap shot by Nathan MacKinnon.
15:13 of 2nd period - Stopped by Darcy Kuemper without a rebound.
15:14 of 2nd period - Pierre-Luc Dubois wins face-off versus Tomas Hertl in Tampa Bay Lightning zone.
15:17 of 2nd period - Wrist shot by Mikael Granlund.
15:17 of 2nd period - Shot Misses the Net.
15:31 of 2nd period - Snap shot by Tomas Hertl.
15:31 of 2nd period - Stopped by Igor Shesterkin without a rebound.
15:32 of 2nd period - Anze Kopitar wins face-off versus Filip Chytil in New York Rangers zone.
15:43 of 2nd period - Slapshot by Adam Larsson.
15:43 of 2nd period - Stopped by Darcy Kuemper without a rebound.
15:44 of 2nd period - Anze Kopitar wins face-off versus Nathan MacKinnon in Tampa Bay Lightning zone.
15:44 of 2nd period - Anze Kopitar is hit by Nathan MacKinnon.
15:50 of 2nd period - Snap shot by Moritz Seider.
15:50 of 2nd period - Stopped by Igor Shesterkin with a rebound.
15:52 of 2nd period - Snap shot by Tyler Toffoli.
15:52 of 2nd period - Stopped by Igor Shesterkin with a rebound.
15:54 of 2nd period - Wrist shot by Anze Kopitar.
15:54 of 2nd period - Stopped by Igor Shesterkin with a rebound.
15:56 of 2nd period - Snap shot by Vladislav Gavrikov.
15:56 of 2nd period - Stopped by Igor Shesterkin with a rebound.
16:06 of 2nd period - Minor Penalty to Artemi Panarin for Holding.
16:07 of 2nd period - Dylan Cozens wins face-off versus Mikael Granlund in New York Rangers zone.
16:24 of 2nd period - Slapshot by Tyler Motte.
16:24 of 2nd period - Deflect By David Kampf.
16:24 of 2nd period - Shot Misses the Net.
16:24 of 2nd period - Puck is out of play.
16:25 of 2nd period - David Kampf wins face-off versus Kirill Kaprizov in Tampa Bay Lightning zone.
17:03 of 2nd period - Wrist shot by Johnny Gaudreau.
17:03 of 2nd period - Shot Blocked by Mark Giordano.
17:05 of 2nd period - Snap shot by Dylan Cozens.
17:05 of 2nd period - Stopped by Igor Shesterkin with a rebound.
18:06 of 2nd period - Penalty to Artemi Panarin is over, Artemi Panarin is back on ice.
18:14 of 2nd period - Off-side.
18:15 of 2nd period - Christian Dvorak wins face-off versus Andre Burakovsky in neutral zone.
18:26 of 2nd period - Slapshot by Cam Fowler.
18:26 of 2nd period - Shot Misses the Net.
18:28 of 2nd period - Slapshot by Cam Fowler.
18:28 of 2nd period - Stopped by Darcy Kuemper without a rebound.
18:29 of 2nd period - Tomas Hertl wins face-off versus Nathan MacKinnon in Tampa Bay Lightning zone.
18:44 of 2nd period - Snap shot by Tomas Hertl.
18:44 of 2nd period - Shot Misses the Net.
18:46 of 2nd period - Slapshot by Moritz Seider.
18:46 of 2nd period - Stopped by Igor Shesterkin without a rebound.
18:47 of 2nd period - Dylan Cozens wins face-off versus Pierre-Luc Dubois in New York Rangers zone.
19:38 of 2nd period - Tyler Toffoli is hit by Mathew Barzal.
19:46 of 2nd period - Artemi Panarin is hit by Moritz Seider.
Goals for this period are 0 for Tampa Bay Lightning vs 1 for New York Rangers.
Shots for this period are 14 for Tampa Bay Lightning vs 10 for New York Rangers.
3rd period
0:01 of 3rd period - Nathan MacKinnon wins face-off versus Dylan Cozens in neutral zone.
0:06 of 3rd period - Roope Hintz is hit by Nathan MacKinnon and loses puck.
0:17 of 3rd period - Wrist shot by Artemi Panarin.
0:17 of 3rd period - Stopped by Darcy Kuemper without a rebound.
0:18 of 3rd period - Pierre-Luc Dubois wins face-off versus Anze Kopitar in Tampa Bay Lightning zone.
0:19 of 3rd period - Slapshot by Mikael Granlund.
0:19 of 3rd period - Shot Misses the Net.
0:21 of 3rd period - Snap shot by Cam Fowler.
0:21 of 3rd period - Shot Misses the Net.
0:32 of 3rd period - Icing by Cam Fowler.
0:33 of 3rd period - Pierre-Luc Dubois wins face-off versus Dylan Cozens in New York Rangers zone.
0:44 of 3rd period - Snap shot by Pierre-Luc Dubois.
0:44 of 3rd period - Stopped by Darcy Kuemper with a rebound.
0:46 of 3rd period - Wrist shot by Mikael Granlund.
0:46 of 3rd period - Shot Misses the Net.
0:54 of 3rd period - Snap shot by Pierre-Luc Dubois.
0:54 of 3rd period - Shot Misses the Net.
0:56 of 3rd period - Wrist shot by Mikael Granlund.
0:56 of 3rd period - Stopped by Darcy Kuemper with a rebound.
1:02 of 3rd period - Snap shot by Pierre-Luc Dubois.
1:02 of 3rd period - Stopped by Darcy Kuemper without a rebound.
1:03 of 3rd period - Anze Kopitar wins face-off versus Nathan MacKinnon in Tampa Bay Lightning zone.
1:18 of 3rd period - Snap shot by Mathew Barzal.
1:18 of 3rd period - Stopped by Darcy Kuemper without a rebound.
1:19 of 3rd period - Travis Konecny wins face-off versus Pierre-Luc Dubois in Tampa Bay Lightning zone.
1:19 of 3rd period - Travis Konecny is hit by Pierre-Luc Dubois.
1:25 of 3rd period - Slapshot by Hampus Lindholm.
1:25 of 3rd period - Stopped by Igor Shesterkin with a rebound.
3:14 of 3rd period - Vladislav Gavrikov is hit by Andre Burakovsky and loses puck.
4:17 of 3rd period - Slapshot by Michael Matheson.
4:17 of 3rd period - Deflect By Ivan Barbashev.
4:17 of 3rd period - Stopped by Igor Shesterkin without a rebound.
4:18 of 3rd period - Dylan Cozens wins face-off versus David Kampf in New York Rangers zone.
4:47 of 3rd period - Jake McCabe is hit by Vladislav Gavrikov and loses puck.
5:27 of 3rd period - Off-side.
5:28 of 3rd period - Christian Dvorak wins face-off versus Filip Chytil in neutral zone.
5:43 of 3rd period - Wrist shot by Filip Chytil.
5:43 of 3rd period - Deflect By Gabriel Landeskog.
5:43 of 3rd period - Shot Misses the Net.
5:43 of 3rd period - Puck is out of play.
5:44 of 3rd period - Tomas Hertl wins face-off versus Nathan MacKinnon in Tampa Bay Lightning zone.
5:57 of 3rd period - Kirill Kaprizov is hit by Nathan MacKinnon and loses puck.
6:10 of 3rd period - Cole Caufield is hit by Roope Hintz and loses puck.
6:19 of 3rd period - Snap shot by Roope Hintz.
6:19 of 3rd period - Stopped by Igor Shesterkin with a rebound.
6:57 of 3rd period - Slapshot by Gustav Nyquist.
6:57 of 3rd period - Stopped by Igor Shesterkin with a rebound.
7:47 of 3rd period - Slapshot by Pierre-Luc Dubois.
7:47 of 3rd period - Deflect By Dylan Cozens.
7:47 of 3rd period - Stopped by Darcy Kuemper with a rebound.
7:49 of 3rd period - Snap shot by Cole Caufield.
7:49 of 3rd period - Shot Misses the Net.
7:51 of 3rd period - Wrist shot by Pierre-Luc Dubois.
7:51 of 3rd period - Goal by Pierre-Luc Dubois - Tampa Bay Lightning : 0 - New York Rangers : 3.
7:52 of 3rd period - Anze Kopitar wins face-off versus Mathew Barzal in neutral zone.
8:09 of 3rd period - Backhand shot by Artemi Panarin.
8:09 of 3rd period - Shot Misses the Net.
9:26 of 3rd period - Off-side.
9:27 of 3rd period - Dylan Cozens wins face-off versus Pierre-Luc Dubois in neutral zone.
9:42 of 3rd period - Snap shot by Roope Hintz.
9:42 of 3rd period - Goal by Roope Hintz - Tampa Bay Lightning : 1 - New York Rangers : 3.
9:43 of 3rd period - Tomas Hertl wins face-off versus Nathan MacKinnon in neutral zone.
9:58 of 3rd period - Nathan MacKinnon is hit by Travis Konecny and loses puck.
10:20 of 3rd period - Snap shot by Roope Hintz.
10:20 of 3rd period - Stopped by Igor Shesterkin with a rebound.
10:22 of 3rd period - Slapshot by Darnell Nurse.
10:22 of 3rd period - Stopped by Igor Shesterkin without a rebound.
10:23 of 3rd period - Anze Kopitar wins face-off versus Pierre-Luc Dubois in New York Rangers zone.
10:49 of 3rd period - Michael Matheson is hit by Matthew Benning and loses puck.
10:54 of 3rd period - Slapshot by Gabriel Landeskog.
10:54 of 3rd period - Stopped by Darcy Kuemper with a rebound.
11:18 of 3rd period - Wrist shot by Dylan Cozens.
11:18 of 3rd period - Shot Misses the Net.
11:24 of 3rd period - Minor Penalty to Mark Giordano for Holding.
11:25 of 3rd period - Mikael Granlund wins face-off versus Roope Hintz in New York Rangers zone.
11:32 of 3rd period - Mikael Granlund is hit by Hampus Lindholm.
11:50 of 3rd period - Tyler Motte is hit by Dylan Cozens.
11:54 of 3rd period - Dylan Cozens is hit by Matthew Benning and loses puck.
12:03 of 3rd period - David Kampf is hit by Darnell Nurse and loses puck.
12:20 of 3rd period - Kirill Kaprizov is hit by Mikael Granlund and loses puck.
13:24 of 3rd period - Penalty to Mark Giordano is over, Mark Giordano is back on ice.
13:48 of 3rd period - Minor Penalty to Mark Giordano for Tripping.
13:49 of 3rd period - Travis Konecny wins face-off versus Mikael Granlund in New York Rangers zone.
13:58 of 3rd period - Wrist shot by Roope Hintz.
13:58 of 3rd period - Stopped by Igor Shesterkin with a rebound.
14:00 of 3rd period - Slapshot by Moritz Seider.
14:00 of 3rd period - Stopped by Igor Shesterkin with a rebound.
14:02 of 3rd period - Snap shot by Moritz Seider.
14:02 of 3rd period - Shot Blocked by Conor Garland.
14:04 of 3rd period - Wrist shot by Roope Hintz.
14:04 of 3rd period - Goal by Roope Hintz - Tampa Bay Lightning : 2 - New York Rangers : 3.
14:05 of 3rd period - Nathan MacKinnon wins face-off versus Anze Kopitar in neutral zone.
14:21 of 3rd period - Icing by Cam Fowler.
14:22 of 3rd period - Tomas Hertl wins face-off versus Nathan MacKinnon in New York Rangers zone.
14:33 of 3rd period - Slapshot by Tomas Hertl.
14:33 of 3rd period - Shot Misses the Net.
15:41 of 3rd period - Slapshot by Pierre-Luc Dubois.
15:41 of 3rd period - Stopped by Darcy Kuemper without a rebound.
15:42 of 3rd period - Pierre-Luc Dubois wins face-off versus Anze Kopitar in Tampa Bay Lightning zone.
15:47 of 3rd period - Wrist shot by Mikael Granlund.
15:47 of 3rd period - Shot Blocked by Michael Matheson.
15:53 of 3rd period - Michael Matheson is hit by Mark Giordano and loses puck.
16:16 of 3rd period - Wrist shot by Andre Burakovsky.
16:16 of 3rd period - Shot Misses the Net.
16:18 of 3rd period - Wrist shot by Dmitry Kulikov.
16:18 of 3rd period - Stopped by Darcy Kuemper without a rebound.
16:19 of 3rd period - Anze Kopitar wins face-off versus Nathan MacKinnon in Tampa Bay Lightning zone.
16:32 of 3rd period - Wrist shot by Johnny Gaudreau.
16:32 of 3rd period - Stopped by Igor Shesterkin without a rebound.
16:33 of 3rd period - Filip Chytil wins face-off versus Tyler Toffoli in New York Rangers zone.
16:45 of 3rd period - Off-side.
16:46 of 3rd period - Anze Kopitar wins face-off versus Filip Chytil in neutral zone.
17:11 of 3rd period - Jake McCabe is hit by Darnell Nurse and loses puck.
17:41 of 3rd period - Snap shot by Cole Caufield.
17:41 of 3rd period - Shot Misses the Net.
17:55 of 3rd period - Wrist shot by Christian Dvorak.
17:55 of 3rd period - Deflect By Gustav Nyquist.
17:55 of 3rd period - Stopped by Igor Shesterkin with a rebound.
18:05 of 3rd period - Hampus Lindholm is hit by Adam Larsson and loses puck.
18:40 of 3rd period - Snap shot by Tomas Hertl.
18:40 of 3rd period - Shot Blocked by Artemi Panarin.
18:42 of 3rd period - Slapshot by Tomas Hertl.
18:42 of 3rd period - Shot Hit the Post.
18:44 of 3rd period - Wrist shot by Kirill Kaprizov.
18:44 of 3rd period - Shot Misses the Net.
18:46 of 3rd period - Wrist shot by Tomas Hertl.
18:46 of 3rd period - Shot Blocked by Mathew Barzal.
18:48 of 3rd period - Slapshot by Darnell Nurse.
18:48 of 3rd period - Shot Blocked by Matthew Benning.
19:06 of 3rd period - David Kampf is hit by Travis Konecny.
19:10 of 3rd period - Snap shot by Tyler Motte.
19:10 of 3rd period - Stopped by Darcy Kuemper with a rebound.
19:20 of 3rd period - Tampa Bay Lightning, Darcy Kuemper is pulled from the net.
19:42 of 3rd period - Snap shot by Mikael Granlund.
19:42 of 3rd period - Shot Misses the Net.
Goals for this period are 2 for Tampa Bay Lightning vs 1 for New York Rangers.
Shots for this period are 12 for Tampa Bay Lightning vs 11 for New York Rangers.
Back to the Top